 Dungeon Crawl Stone Soup version 0.30-a0-374-g95c0257040 (webtiles) character file.

Game seed: 15767762541802928195

175 Zonian the Magician (level 5, 0/35 HPs)
             Began as a Djinni Ice Elementalist on Nov 25, 2022.
             Was an Initiate of Ashenzari.
             Slain by a gnoll
             ... wielding a +2 halberd of freezing
              (4 damage)
             ... on level 4 of the Dungeon.
             The game lasted 00:06:22 (3902 turns).

Zonian the Magician (Djinni Ice Elementalist)       Turns: 3902, Time: 00:06:23

Health: 0/35       AC:  2    Str:  7    XL:     5   Next: 86%
Gold:   155        EV: 13    Int: 19    God:    Ashenzari [......] SH:  0 Dex: 13

rFire   + + .      SeeInvis .    c - +0 short sword
rCold   x . .      Faith    .    (no shield)
rNeg    . . .      Spirit   .    a - +0 robe
rPois   ∞          Reflect  .    (no helmet)
rElec   .          Harm     .    (no cloak)
rCorr   .          Rampage  .    (no gloves)
Will    .....                    (boots unavailable)
Stlth   ++........               (no amulet)
HPRegen 0.25/turn                (no ring)
MPRegen 0.00/turn                (no ring)

@: flying, hasted, very quick
A: sickness immunity, fire resistance 2, cold vulnerability 1, float, innate
caster, HP casting, extra vitality 1
a: Renounce Religion


You were on level 4 of the Dungeon.
You worshipped Ashenzari.
Ashenzari was noncommittal.
You visited 1 branch of the dungeon, and saw 4 of its levels.

You collected 155 gold pieces.

Inventory:

Hand Weapons
 c - a +0 short sword (weapon)
 j - a +0 sling
 t - a +1 whip of holy wrath
Missiles
 m - 10 poisoned darts
Armour
 a - a +0 robe (worn)
Scrolls
 d - a scroll of enchant weapon {unknown}
 e - a scroll of immolation {unknown}
 f - 2 scrolls of teleportation {unknown}
 h - a scroll of fear {unknown}
 k - 4 scrolls of identify {unknown}
 n - a scroll of magic mapping {unknown}
 q - a scroll of torment {unknown}
 s - a scroll of noise {unknown}
 u - a scroll of summoning {unknown}
 v - a scroll of blinking {unknown}
 y - a scroll of vulnerability {unknown}
Potions
 b - a potion of lignification {unknown}
 g - a potion of haste
 i - 3 potions of brilliance {unknown}
 l - a potion of heal wounds {unknown}
 o - 2 potions of curing {unknown}
 p - a potion of degeneration {unknown}
 r - a potion of ambrosia {unknown}
 w - a potion of flight {unknown}
 x - 2 potions of attraction {unknown}
 z - a potion of magic {unknown}


   Skills:
 - Level 3.8 Dodging
 - Level 3.0 Stealth
 + Level 4.1 Spellcasting


You couldn't memorise any spells.
You knew the following spells:

 Your Spells              Type           Power      Damage    Failure   Level
a - Freeze                Ice            76%        1d8       2%          1
b - Frozen Ramparts       Ice            38%        1d6       8%          3
c - Ozocubu's Armour      Ice            19%        N/A       8%          3
d - Summon Ice Beast      Ice/Summ       19%        N/A       24%         4
e - Summon Small Mammal   Summ           76%        N/A       2%          1
f - Blink                 Tloc           38%        N/A       3%          2
Your spell library was empty.

Dungeon Overview and Level Annotations

Branches:
Dungeon (4/15)
 Temple: D:4-7

Altars:
Ashenzari
Fedhas
The Shining One

Shops:
D:2 *


Innate Abilities, Weirdness & Mutations

You are immune to sickness and miasma.
You are immune to poison.
Your flesh is very heat resistant. (rF++)
You are vulnerable to cold. (rC-)
You float through the air rather than walking.
You learn spells naturally, not from books.
Your magical power is your life essence.
You have superior vitality. (+4 MHP)


Message History

Casting: Freeze (safe; 2% risk of failure)
Confirm with . or Enter, or press ? or * to list all spells.
Casting: Frozen Ramparts (dangerous; 8% risk of failure)
Press: ? - help, Dir - look around, f - activate The walls around you are covered in ice.
The wall freezes the gnoll.
The gnoll barely misses you.
Unknown command.
You hit the gnoll but do no damage.
The gnoll is lightly wounded.
The wall freezes the endoplasm.
You kill the endoplasm!
The wall freezes the gnoll.
The gnoll completely misses you.
You hit the gnoll.
The gnoll is heavily wounded.
The wall freezes the gnoll.
You kill the gnoll!
Unknown command.
The wall freezes the gnoll.
Unknown command.
You hit the gnoll. Your punch misses the gnoll.
The gnoll is heavily wounded.
The wall freezes the gnoll.
The gnoll closely misses you.
You hit the gnoll.
You kill the gnoll!
The wall freezes the gnoll.
The gnoll hits you from afar with a +2 halberd of freezing!!
Ouch! That really hurt!
The gnoll freezes you.
Unknown command.
The wall freezes the gnoll.
The gnoll misses you.
Unknown command.
Casting: Frozen Ramparts (dangerous; 8% risk of failure)
Confirm with . or Enter, or press ? or * to list all spells.
Okay, then.
It was a potion of haste.
You feel yourself speed up.
The frozen ramparts melt away.
The gnoll hits you from afar with a +2 halberd of freezing!
* * * LOW HITPOINT WARNING * * *
The gnoll freezes you.
You die...

........................#.#
.......)####..)....#†##.#.#
..............#.#.#.##.#.#
..#.#####.##.#.#.#.#......#
...............#...####....
###.##..##.........# ###.#
#..####.#.#...# #<#
#....##.#.#...# #..
##.#.@).#.#...## ###
#.####g#....... ..
.........g..# ##
##.####J#.#.g... . #..
....... g.. ########.#.# .
.#.# .# # ..


You could see 2 gnolls.

Vanquished Creatures
  3 gnolls
  5 adders
  2 worms (D:3)
  A dart slug (D:4)
  3 orcs
  5 ball pythons
  8 endoplasms
  8 giant cockroaches
  10 goblins
  6 hobgoblins
  11 jackals (D:1)
  7 kobolds
  3 quokkas
  3 bats
  A frilled lizard (D:3)
  6 rats
82 creatures vanquished.

Notes
Turn   | Place    | Note
-------+----------+-------------------------------------------
     0 | D:1      | Zonian the Djinni Ice Elementalist began the quest for the
                  | Orb.
     0 | D:1      | Zonian set off with the following spells memorised: Freeze,
                  | Frozen Ramparts, Ozocubu's Armour, Summon Ice Beast.
     0 | D:1      | Reached XP level 1. HP: 15/15 MP: 0/0
    99 | D:1      | Reached XP level 2. HP: 10/21 MP: 0/0
   797 | D:1      | Reached XP level 3. HP: 20/25 MP: 0/0
   797 | D:1      | Learned a level 1 spell: Summon Small Mammal
  1731 | D:2      | Found Zoptithri's General Store.
  1741 | D:2      | Reached XP level 4. HP: 23/31 MP: 0/0
  2005 | D:2      | Found a glowing golden altar of the Shining One.
  2617 | D:3      | Reached XP level 5. HP: 23/35 MP: 0/0
  2617 | D:3      | Learned a level 2 spell: Blink
  3472 | D:4      | Found a blossoming altar of Fedhas.
  3472 | D:4      | Found a broken altar of Ashenzari.
  3556 | D:4      | Became a worshipper of Ashenzari the Shackled
  3676 | D:4      | Reached skill level 4 in Spellcasting
  3902 | D:4      | Slain by a gnoll

Illustrated notes

Levels and vault maps discovered:
D:1:      eino_arrival_water_cross, layout_basic
D:2:      layout_basic, basic_altar, serial_shops, shop, minmay_pentomino_q2
D:3:      minmay_razor_zed, layout_loops_ring, nicolae_hexahallways,
          st_stairs_14, kennysheep_cross_bottleneck, serial_bayou_pond_d
D:4:      layout_basic, gammafunk_temple_overflow_statue

Skill      XL: |  1  2  3  4  5 |
---------------+----------------+-----
Stealth        | 2 3 |  3.0
Dodging        | 3 |  3.8
Spellcasting   | 4 |  4.1

Action                   |  1- 3 |  4- 6 || total
-------------------------+-------+-------++-------
Melee: Unarmed           |    10 |       ||    10
       Short sword       |    17 |    28 ||    45
       Punch             |     2 |       ||     2
 Cast: Freeze            |    54 |    72 ||   126
       Summon Small Mamm |       |     1 ||     1
       Frozen Ramparts   |       |     1 ||     1
  Use: Potion            |       |     1 ||     1
 Stab: Sleeping          |     2 |     2 ||     4
Armor: Robe              |    14 |    10 ||    24
Dodge: Dodged            |    29 |    66 ||    95

Table legend: (Time is in decaauts)
 A = Elapsed time spent in this place.
 B = Non-inter-level travel time spent in this place.
 C = Inter-level travel time spent in this place.
 D = Time resting spent in this place.
 E = Time spent auto-exploring this place.
 F = Levels seen in this place.
 G = Mean time per level.
                   A        B        C        D        E       F      G
               +--------+--------+--------+--------+--------+-----+--------+
         Total |   3900 |   3843 |     57 |    776 |   2500 |   4 |  975.0 |
       Dungeon |   3900 |   3843 |     57 |    776 |   2500 |   4 |  975.0 |
               +--------+--------+--------+--------+--------+-----+--------+

Top non-repeatable levels by time:
     D:1: 1540 daAuts
     D:3: 1211 daAuts
     D:2: 620 daAuts
     D:4: 527 daAuts
